 Dungeon Crawl Stone Soup version 0.24-a0-368-g0e0cebd0f3 (webtiles) character file.

Game seed: 8400366565088837054

25 MachJacob the Firebug (level 2, 0/19 HPs)
             Began as a Demonspawn Fire Elementalist on May 29, 2019.
             Was an Initiate of Vehumet.
             Slain by an iguana (10 damage)
             ... on level 2 of the Dungeon.
             The game lasted 00:06:55 (1711 turns).

MachJacob the Firebug (DsFE)                        Turns: 1711, Time: 00:06:56

Health: 0/19       AC:  2    Str:  8    XL:     2   Next: 82%
Magic:  5/5        EV: 12    Int: 16    God:    Vehumet [......]
Gold:   123        SH:  0    Dex: 13    Spells: 2/5 levels left

rFire    . . .     SeeInvis .   f - +0 dagger
rCold    . . .     Gourm    .   (no shield)
rNeg     . . .     Faith    .   a - +0 robe
rPois    .         Spirit   .   (no helmet)
rElec    .         Reflect  .   (no cloak)
rCorr    .         Harm     .   (no gloves)
MR       .....                  (no boots)
Stlth    ++........             (no amulet)
HPRegen  0.06/turn              (no ring)
MPRegen  0.09/turn              (no ring)

@: no status effects
A: sturdy frame 1
a: Renounce Religion


You were on level 2 of the Dungeon.
You worshipped Vehumet.
Vehumet was noncommittal.
You were hungry.

You visited 1 branch of the dungeon, and saw 2 of its levels.

You collected 123 gold pieces.

Inventory:

Hand Weapons
 f - a +0 dagger (weapon)
Missiles
 i - 106 stones (quivered)
Armour
 a - a +0 robe (worn)
Jewellery
 r - an uncursed ring of ice {unknown}
Scrolls
 d - a scroll of magic mapping {unknown}
 h - 2 scrolls of teleportation {unknown}
 j - a scroll of noise
 k - a scroll of fear {unknown}
 m - a scroll of remove curse
 o - a scroll of enchant armour {unknown}
 p - a scroll of identify {unknown}
 q - a scroll of enchant weapon {unknown}
Potions
 b - a potion of lignification {unknown}
 e - a potion of mutation {unknown}
 g - a potion of might {unknown}
 n - 2 potions of heal wounds {unknown}
 s - a potion of curing {unknown}
Comestibles
 c - 2 rations
 l - a chunk of flesh


   Skills:
 + Level 2.1 Dodging
 - Level 1.7 Stealth
 + Level 2.1 Spellcasting
 * Level 1.8 Conjurations
 * Level 3.1 Fire Magic


You had 2 spell levels left.
You knew the following spells:

 Your Spells              Type           Power        Failure   Level  Hunger
a - Flame Tongue          Conj/Fire      #....        8%          1    #......
b - Throw Flame           Conj/Fire      #.....       11%         2    ###....

Your spell library contained the following spells:

 Spells                   Type           Power        Failure   Level  Hunger
 Conjure Flame            Conj/Fire      #.......     22%         3    ###....
 Inner Flame              Hex/Fire       #.......     32%         3    ###....
 Sticky Flame             Conj/Fire      #.......     58%         4    #####..
 Fireball                 Conj/Fire      #.........   90%         5    ######.


Dungeon Overview and Level Annotations

Branches:
Dungeon (2/15)

Altars:
Vehumet


Innate Abilities, Weirdness & Mutations

Your movements are slightly less encumbered by armour. (ER -2)


Message History

Press: ? - help, Shift-Dir - straight line, f/p - iguana
Aim: an iguana The flame tongue hits the iguana.
The iguana is moderately wounded.
The iguana bites you!
Ouch! That really hurt!
Your magical contamination has completely faded away.
The iguana hisses menacingly.
A hobgoblin comes into view.
The hobgoblin barely misses you. The hobgoblin closely misses you.
The hobgoblin throws a stone.
The stone hits you but does no damage.
You see here a stone.
Press: ? - help, v - describe, . - travel
Here: an iguana (lightly wounded)
The floor.
You see here a stone.
The iguana bites you!
Ouch! That really hurt!
You die...

#..........#.# #.#
####.#####.#.# #.##########
#.# #.#.# #..........#
#.#####.#.### #.########.#
#...........#####.# #.#
#.###........g....########.#
# #.#
#.#.#.#g#####.#.....##.###
#.#
#.#.....#####.#.###.##.##.
#.# #.###...l@.....#..#.##.#
# #.###.#
###.#####.#.#.#.##.###
#.....# #.#####.#.#.#.......
#.##### #...................
#.# #.#########.#####.## #.#
#.# #.......# #.#########.#
######### #...........#
#############


You could see an iguana.

Vanquished Creatures
  2 leopard geckos (D:1 D:2)
  3 bats (D:1 D:2)
  3 hobgoblins (D:1 D:2)
  A ball python (D:1)
  A frilled lizard (D:1)
  6 goblins (D:1 D:2)
  4 kobolds (D:1 D:2)
  2 rats (D:1)
22 creatures vanquished.

Notes
Turn   | Place    | Note
-------+----------+-------------------------------------------
     0 | D:1      | MachJacob the Demonspawn Fire Elementalist began the quest
                  | for the Orb.
     0 | D:1      | Reached XP level 1. HP: 13/13 MP: 3/3
   493 | D:1      | Gained mutation: Your movements are slightly less
                  | encumbered by armour. (ER -2) [demonic ancestry]
   493 | D:1      | Reached XP level 2. HP: 19/19 MP: 3/5
   505 | D:1      | Learned a level 2 spell: Throw Flame
   605 | D:1      | Reached skill level 3 in Fire Magic
  1077 | D:2      | Found a radiant altar of Vehumet.
  1100 | D:2      | Became a worshipper of Vehumet
  1711 | D:2      | Slain by an iguana

Levels and vault maps discovered:
D:1:      lightli_arrival_quake, layout_rooms, serial_bayou_pond_c
D:2:      layout_loops_ring, vehumet_crystals, solitary_fountain,
          trog_hazing_becter, uniq_robin, uniq_jessica

Skill      XL: |  1  2 |
---------------+-------+-----
Fire Magic     | 3 |  3.1
Dodging        | 2 |  2.1
Stealth        | |  1.7
Spellcasting   | |  2.1
Conjurations   | |  1.8

Action                   || total
-------------------------++-------
Melee: Dagger            ||    13
 Cast: Flame Tongue      ||    25
       Throw Flame       ||    15
  Use: Scroll            ||     2
  Eat: Chunk             ||     3
Armor: Robe              ||     3
Dodge: Dodged            ||    23

Table legend:
 A = Non-vault XP
 B = Vault XP
 C = Vault XP percentage of total XP
 D = Non-vault monster count
 E = Vault monster count
 F = Vault count percentage of total count
                 A         B        C        D         E       F
            +---------+---------+-------+---------+---------+-------
      Total |      33 |       3 |   8.3 |      20 |       2 |   9.1
            +---------+---------+-------+---------+---------+-------
        D:1 |      25 |       0 |   0.0 |      16 |       0 |   0.0
        D:2 |       8 |       3 |  27.3 |       4 |       2 |  33.3
            +---------+---------+-------+---------+---------+-------
